 Dungeon Crawl Stone Soup version 0.22-a0-109-gbeb7240 (webtiles) character file.

21849 theanonym the Brawler (level 12, -9/102 HPs)
             Began as a Demonspawn Fighter on Jan 26, 2018.
             Was a Priest of Makhleb.
             Hit by a stone thrown by a minotaur (12 damage)
             ... in a labyrinth.
             The game lasted 00:27:17 (14902 turns).

theanonym the Brawler (Demonspawn Fighter)         Turns: 14902, Time: 00:27:18

Health: -9/102     AC: 14    Str: 27    XL:     12   Next: 57%
Magic:  0/15       EV:  4    Int: 10    God:    Makhleb [***...]
Gold:   751        SH: 10    Dex: 12    Spells: 11/11 levels left

rFire    . . .     SeeInvis +     - Unarmed
rCold    + . .     Gourm    .   F - +1 shield
rNeg     . . .     Faith    .   N - +0 plate armour {18}
rPois    .         Spirit   +   y - +1 hat
rElec    .         Reflect  .   v - +0 cloak
rCorr    .         Harm     .   (no gloves)
MR       .....                  A - +0 pair of boots
Stlth    ..........             n - amulet of rage {+Rage}
HPRegen  0.27/turn              l - ring of see invisible {SInv}
MPRegen  0.14/turn              x - ring of protection from cold {rC+}

@: mighty, very slightly contaminated, invisible
A: antennae 2, claws 2, hooves 1, nightstalker 2, magic shield
a: Minor Destruction, Lesser Servant of Makhleb, Renounce Religion, Evoke
Berserk Rage


Innate Abilities, Weirdness & Mutations

You have a pair of antennae on your head.
You have very sharp fingernails.
You have large cloven feet.
You are significantly more attuned to the shadows.
When hurt, damage is shared between your health and your magic reserves.


   Skills:
 + Level 12.2 Fighting
 - Level 2.6 Armour
 - Level 2.6 Shields
 * Level 15.0 Unarmed Combat
 + Level 4.5 Invocations


You had 11 spell levels left.
You didn't know any spells.

Skill      XL: |  1  2  3  4  5  6  7  8  9 10 11 12 |
---------------+-------------------------------------+-----
Unarmed Combat | 2 3 4 6 7 9 10 12 14 15 | 15.0
Fighting       | 4 5 6 7 8 10 11 12 | 12.2
Invocations    | 4 |  4.5
Armour         | |  2.6
Shields        | |  2.6

Action                   |  1- 3 |  4- 6 |  7- 9 | 10-12 || total
-------------------------+-------+-------+-------+-------++-------
Melee: Unarmed           |   179 |   154 |   272 |   695 ||  1300
       Kick              |       |    38 |    86 |    16 ||   140
Throw: Throwing net      |       |     1 |     6 |       ||     7
Invok: Lesser Servant of |       |       |       |     2 ||     2
       Minor Destruction |       |       |       |     1 ||     1
 Abil: Evoke Berserk Rag |       |       |     1 |     4 ||     5
Evoke: Wand              |       |       |     9 |    20 ||    29
  Use: Potion            |     1 |       |     2 |     7 ||    10
       Scroll            |       |     8 |     6 |    13 ||    27
 Stab: Held in net/web   |       |       |     1 |       ||     1
       Paralysed         |       |       |       |    13 ||    13
  Eat: Chunk             |     1 |     7 |     9 |    19 ||    36
       Ration            |       |       |     1 |     5 ||     6
Armor: Chain mail        |   110 |    46 |    77 |   211 ||   444
       Scale mail        |    21 |       |       |       ||    21
       Plate armour      |       |       |       |    71 ||    71
Dodge: Dodged            |    34 |    29 |    41 |   104 ||   208
Block: Shield            |    97 |    49 |    99 |   288 ||   533

Inventory:

Armour
 a - a +0 scale mail {10}
 d - a +0 chain mail {15}
   (You found it on level 1 of the Dungeon)
 v - a +0 cloak (worn)
   (You found it on level 7 of the Dungeon)
 y - a +1 hat (worn)
   (You found it in a labyrinth)
 A - a +0 pair of boots (worn)
   (You bought it in a shop on level 8 of the Dungeon)
 F - a +1 shield (worn)
 N - a +0 plate armour (worn) {18}
   (You took it off an orc warrior on level 11 of the Dungeon)
Jewellery
 j - an uncursed ring of ice {rC+ rF-}
   (You found it on level 4 of the Dungeon)
 l - a ring of see invisible (left claw) {SInv}
   (You found it on level 1 of the Dungeon)
 n - an amulet of rage (around neck) {+Rage}
   (You found it on level 1 of the Dungeon)
 x - a ring of protection from cold (right claw) {rC+}
   (You found it on level 6 of the Dungeon)
 D - an uncursed amulet of guardian spirit {Spirit}
   (You took it off an orc priest on level 10 of the Dungeon)
 L - an uncursed amulet of harm
   (You took it off a centaur on level 11 of the Dungeon)
Wands
 c - a wand of clouds (5)
   (You took it off Joseph on level 1 of the Lair of Beasts)
 h - a wand of random effects (28)
   (You took it off a crimson imp on level 10 of the Dungeon)
 s - a wand of paralysis (6)
   (You found it on level 7 of the Dungeon)
 B - a wand of polymorph (2)
   (You took it off Dowan on level 7 of the Dungeon)
 E - a wand of enslavement (20)
   (You found it on level 8 of the Dungeon)
 I - a wand of iceblast (14)
   (You found it on level 9 of the Dungeon)
 M - a wand of flame (30)
   (You took it off an orc warrior on level 11 of the Dungeon)
Scrolls
 b - 2 scrolls of blinking
 f - a scroll of fog
 g - 12 scrolls of remove curse
 k - 2 scrolls of amnesia
 q - a scroll of enchant weapon
 t - a scroll of teleportation {!r}
 u - a scroll of holy word
Potions
 i - a potion of agility
 o - a potion of degeneration
 p - 3 potions of flight
 r - 5 potions of mutation
 w - 5 potions of curing
 z - 2 potions of ambrosia
 C - 2 potions of magic
 G - a potion of brilliance {unknown}
 H - 2 potions of lignification {unknown}
Comestibles
 e - 17 rations
 J - 3 chunks of flesh You were in a labyrinth. You worshipped Makhleb. Makhleb was most pleased with you. You were not hungry. You visited 3 branches of the dungeon, and saw 14 of its levels. You also visited: Labyrinth. You collected 883 gold pieces. You spent 132 gold pieces at shops.

Dungeon Overview and Level Annotations

Branches:
Dungeon (11/15)            Temple (1/1) D:7            Lair (2/6) D:11
    Orc (0/2) D:10
  Swamp: Lair:2-4    Shoals: Lair:2-4     Snake: Lair:2-4    Spider: Lair:2-4

Altars:
Cheibriados
Hepliaklqana
Kikubaaqudgha
Makhleb
Nemelex Xobeh
Okawaru
Qazlal
Ru
Sif Muna
Trog
Vehumet
Yredelemnul

Shops:
D:8 [   D:9 *   D:10 [

Annotations:
D:5 exclusion: door

#### #.##..#
.....# . ...
### #....##..#
. . ... . .#
###.. .....
.... .. ...# #
##
..######(#####
#
#..#<..H(...@.#
#.#
#..######.#.#.#
.#... ....
........ # #.
.........# ##.#
..#... .....#..
.# .. .##.
##.###.# # # ..
. . # .#..#.# .
.. .#...


You could see a minotaur.

Notes
Turn   | Place    | Note
-------+----------+-------------------------------------------
     0 | D:1      | theanonym the Demonspawn Fighter began the quest for the Orb.
     0 | D:1      | Reached XP level 1. HP: 18/18 MP: 1/1
    26 | D:1      | Reached skill level 2 in Unarmed Combat
    29 | D:1      | HP: 9/18 [bat (1)]
   289 | D:1      | Gained mutation: You have sharp fingernails. [demonic ancestry]
   289 | D:1      | Reached XP level 2. HP: 23/24 MP: 2/2
   597 | D:1      | Gained mutation: You have a pair of small antennae on your head. [demonic ancestry]
   597 | D:1      | Reached XP level 3. HP: 27/29 MP: 3/3
   910 | D:2      | Reached skill level 3 in Unarmed Combat
  1232 | D:2      | Noticed Robin
  1253 | D:2      | Gained mutation: You have large cloven feet. [demonic ancestry]
  1253 | D:2      | Reached XP level 4. HP: 22/37 MP: 4/4
  1256 | D:2      | Killed Robin
  1260 | D:2      | HP: 17/37 [goblin[Robin] (3)]
  2047 | D:3      | Reached skill level 4 in Fighting
  2047 | D:3      | Reached skill level 4 in Unarmed Combat
  2047 | D:3      | Gained mutation: When hurt, damage is shared between your health and your magic reserves. [demonic ancestry]
  2047 | D:3      | Reached XP level 5. HP: 35/42 MP: 5/5
  2402 | D:3      | Noticed Kavrick's ghost (amateur HuFi)
  2412 | D:3      | HP: 18/42 [Kavrick's ghost (8)]
  2416 | D:3      | Killed Kavrick's ghost
  2416 | D:3      | Reached XP level 6. HP: 14/49 MP: 2/6
  2795 | D:3      | Found a faded altar of an unknown god.
  2812 | D:3      | Reached skill level 5 in Unarmed Combat
  3235 | D:4      | Noticed toffzen's ghost (amateur NaWn)
  3327 | D:4      | Reached skill level 5 in Fighting
  3431 | D:4      | Killed toffzen's ghost
  3431 | D:4      | Reached skill level 6 in Unarmed Combat
  3431 | D:4      | Gained mutation: You are slightly more attuned to the shadows. [demonic ancestry]
  3431 | D:4      | Reached XP level 7. HP: 33/56 MP: 3/7
  4032 | D:4      | Noticed Edmund
  4065 | D:4      | Killed Edmund
  4349 | D:4      | Reached skill level 7 in Unarmed Combat
  4357 | D:5      | Entered Level 5 of the Dungeon
  4373 | D:5      | Reached skill level 6 in Fighting
  4379 | D:5      | Noticed Grinder
  4399 | D:5      | HP: 28/58 [Grinder (3)]
  4406 | D:5      | Killed Grinder
  4406 | D:5      | Reached XP level 8. HP: 48/65 MP: 4/8
  4430 | D:5      | HP: 23/65 [ice beast (10)]
  4747 | D:5      | Reached skill level 8 in Unarmed Combat
  4793 | D:5      | HP: 29/65 [orc wizard/magic dart (4)]
  5008 | D:5      | HP: 29/65 [electric eel/bolt of electricity (11)]
  5011 | D:5      | HP: 8/65 [electric eel/bolt of electricity (10)]
  5398 | D:5      | Reached skill level 7 in Fighting
  5642 | D:5      | HP: 32/67 [ogre/giant club (14)]
  5643 | D:5      | Reached skill level 9 in Unarmed Combat
  5646 | D:5      | Gained mutation: You are significantly more attuned to the shadows. [demonic ancestry]
  5646 | D:5      | Reached XP level 9. HP: 24/72 MP: 4/9
  6147 | D:6      | Found an iron altar of Okawaru.
  6387 | D:6      | Noticed Blork the orc
  6399 | D:6      | Killed Blork the orc
  6399 | D:6      | Reached skill level 8 in Fighting
  6403 | D:6      | HP: 36/73 [poisoned by a worker ant]
  6408 | D:6      | HP: 34/73 [poisoned by a worker ant]
  6415 | D:6      | HP: 33/73 [poisoned by a worker ant]
  6422 | D:6      | HP: 33/73 [poisoned by a worker ant]
  6430 | D:6      | HP: 32/73 [poisoned by a worker ant]
  6812 | D:7      | Reached skill level 10 in Unarmed Combat
  6819 | D:7      | Noticed a two-headed ogre
  6825 | D:7      | Killed a two-headed ogre
  7128 | D:7      | Noticed Duvessa
  7129 | D:7      | Noticed Dowan
  7136 | D:7      | Noticed Prince Ribbit
  7136 | D:7      | Killed Duvessa
  7141 | D:7      | Killed Dowan
  7147 | D:7      | Killed Prince Ribbit
  7147 | D:7      | Gained mutation: You have very sharp fingernails. [demonic ancestry]
  7147 | D:7      | Reached XP level 10. HP: 81/81 MP: 8/10
  7157 | D:7      | HP: 33/81 [orc wizard/puff of flame (11)]
  7388 | D:7      | Noticed Menkaure
  7392 | D:7      | Killed Menkaure
  7392 | D:7      | Reached skill level 9 in Fighting
  7392 | D:7      | Reached skill level 11 in Unarmed Combat
  7553 | D:7      | Found a staircase to the Ecumenical Temple.
  7560 | Temple   | Entered the Ecumenical Temple
  7566 | Temple   | Became a worshipper of Makhleb the Destroyer
  7900 | D:8      | Found Ymup's Armour Shoppe.
  7903 | D:8      | Bought a +0 pair of boots for 63 gold pieces
  7920 | D:8      | Noticed dxctxrx's ghost (novice GnVM)
  7930 | D:8      | Killed dxctxrx's ghost
  8054 | D:8      | Noticed a two-headed ogre
  8062 | D:8      | HP: 37/82 [two-headed ogre/giant spiked club (10)]
  8065 | D:8      | Killed a two-headed ogre
  8065 | D:8      | Reached skill level 12 in Unarmed Combat
  8343 | D:8      | Reached skill level 10 in Fighting
  8587 | D:8      | Found a hazy altar of Hepliaklqana.
  8835 | D:9      | Found Widok's Assorted Antiques.
  8862 | D:9      | Bought a murky amethyst potion for 22 gold pieces
  8862 | D:9      | Bought a ruby potion for 22 gold pieces
  8862 | D:9      | Bought a scroll labeled NACKUW DERA for 25 gold pieces
  8919 | D:9      | Noticed kibaces's ghost (novice DEFE)
  8923 | D:10     | Entered Level 10 of the Dungeon
  9003 | D:10     | Noticed Sonja
  9031 | D:10     | Killed Sonja
  9031 | D:10     | Reached XP level 11. HP: 83/91 MP: 9/11
  9154 | D:10     | Reached * piety under Makhleb
  9292 | D:10     | HP: 42/91 [killer bee (4)]
  9298 | D:10     | HP: 34/92 [killer bee (5)]
  9318 | D:10     | HP: 35/92 [scorpion (3)]
  9542 | D:10     | HP: 44/92 [electric eel/bolt of electricity (4)]
  9557 | D:11     | HP: 27/92 [ogre/giant spiked club (10)]
  9560 | D:11     | Reached skill level 13 in Unarmed Combat
  9562 | D:11     | HP: 29/138 [hound (3)]
  9565 | D:11     | HP: 12/138 [kobold/club (4)]
  9572 | D:11     | HP: 7/138 [wraith (5)]
  9587 | D:11     | HP: 35/92 [hungry ghost (2)]
  9592 | D:11     | HP: 30/92 [hippogriff (5)]
  9919 | D:10     | Noticed a two-headed ogre
  9946 | D:10     | HP: 40/92 [two-headed ogre/giant spiked club (11)]
  9952 | D:10     | Killed a two-headed ogre
  9952 | D:10     | Reached skill level 11 in Fighting
  9953 | D:10     | HP: 37/139 [orc/club (3)]
 10207 | D:10     | Found a staircase to the Orcish Mines.
 10219 | D:10     | Reached ** piety under Makhleb
 10486 | D:10     | HP: 45/93 [lava snake (4)]
 10910 | D:10     | Found Noesu's Antique Armour Shop.
 11690 | D:9      | Found Widok's Assorted Antiques.
 11797 | D:9      | Killed kibaces's ghost
 12172 | D:10     | Noticed an unseen horror
 12185 | D:10     | Killed an unseen horror
 12185 | D:10     | Reached skill level 14 in Unarmed Combat
 12276 | D:11     | HP: 35/91 [komodo dragon (19)]
 12572 | D:11     | Gained mutation: You have a pair of antennae on your head. [demonic ancestry]
 12572 | D:11     | Reached XP level 12. HP: 98/98 MP: 10/12
 12611 | D:11     | Reached *** piety under Makhleb
 12786 | D:11     | Paralysed by a hornet for 3 turns
 12796 | D:11     | Paralysed by a hornet for 1 turns
 12797 | D:11     | HP: 50/100 [hornet (3)]
 12799 | D:11     | Reached skill level 1 in Invocations
 12803 | D:11     | HP: 50/102 [unseen horror (4)]
 13131 | D:11     | Found a staircase to the Lair.
 13269 | Lair:1   | Entered Level 1 of the Lair of Beasts
 13287 | Lair:1   | Reached skill level 2 in Invocations
 13325 | Lair:1   | HP: 41/102 [blink frog (12)]
 13329 | Lair:1   | Reached skill level 12 in Fighting
 13465 | Lair:1   | Reached skill level 3 in Invocations
 13637 | Lair:1   | HP: 51/102 [poisoned by a spiny frog]
 13642 | Lair:1   | HP: 45/102 [poisoned by a spiny frog]
 13647 | Lair:1   | HP: 41/102 [poisoned by a spiny frog]
 13652 | Lair:1   | HP: 40/102 [poisoned by a spiny frog]
 13657 | Lair:1   | HP: 38/102 [poisoned by a spiny frog]
 13663 | Lair:1   | HP: 38/102 [poisoned by a spiny frog]
 13671 | Lair:1   | HP: 38/102 [poisoned by a spiny frog]
 14147 | Lair:1   | Noticed Joseph
 14164 | Lair:1   | Killed Joseph
 14274 | Lair:1   | Noticed ReniFell's ghost (journeyman MiBe)
 14291 | Lair:1   | Killed ReniFell's ghost
 14291 | Lair:1   | Reached skill level 4 in Invocations
 14533 | Lair:1   | Reached skill level 15 in Unarmed Combat
 14787 | Lair:2   | Found a labyrinth entrance.
 14805 | Lab      | Entered a labyrinth
 14888 | Lab      | Noticed a minotaur
 14896 | Lab      | HP: 41/102 [minotaur/great mace of protection (29)]
 14899 | Lab      | HP: 5/102 [minotaur/great mace of protection (30)]
 14899 | Lab      | HP: 2/102 [minotaur/great mace of protection (3)]
 14902 | Lab      | Hit by a stone thrown by a minotaur

Vanquished Creatures
  The ghost of ReniFell the Cleaver, a journeyman MiBe of Trog (Lair:1)
  3 two-headed ogres
  Sonja (D:10)
  The ghost of dxctxrx the Magician, a novice GnVM of the Shining One (D:8)
  2 unseen horrors
  The ghost of kibaces the Arsonist, a novice DEFE (D:9)
  A manticore (D:11)
  2 spiny frogs (Lair:1)
  Joseph (Lair:1)
  A komodo dragon (D:11)
  3 trolls (D:11)
  The ghost of toffzen the Covert, an amateur NaWn of Makhleb (D:4)
  A hornet (D:11)
  Grinder (D:5)
  Prince Ribbit (D:7)
  4 hippogriffs
  5 blink frogs (Lair:1)
  2 redbacks (Lab)
  A wraith (D:11)
  A human (D:7)
  9 yaks
  A basilisk (D:11)
  3 hogs (D:7)
  2 wyverns (D:10)
  3 hungry ghosts
  A steam dragon (D:10)
  Menkaure (D:7)
  Edmund (D:4)
  Duvessa (D:7)
  3 water moccasins
  2 porcupines (Lair:1)
  A black bear (D:11)
  2 sky beasts
  3 orc warriors
  3 ice beasts
  3 phantoms
  4 ogres
  3 necrophages
  5 wolves (Lair:1)
  The ghost of Kavrick the Covered, an amateur HuFi (D:3)
  10 centaurs
  A crocodile (Lair:1)
  A big kobold (D:11)
  Blork the orc (D:6)
  2 bullfrogs
  2 wyvern zombies
  Dowan (D:7)
  8 scorpions
  9 killer bees
  A howler monkey (D:4)
  4 wights (D:9)
  11 electric eels
  6 crimson imps
  4 centaur zombies
  A bullfrog zombie (D:3)
  4 lava snakes (D:10)
  8 hounds
  3 jellies
  6 orc priests
  2 centaur skeletons
  2 gnoll shamans
  A bullfrog skeleton (D:6)
  9 orc wizards
  5 iguanas
  11 worker ants
  A hound zombie (D:9)
  Robin (D:2)
  9 gnolls
  A howler monkey skeleton (D:5)
  14 adders
  4 shadow imps
  2 adder zombies (D:9)
  2 worms
  2 dart slugs (D:1)
  4 leopard geckos
  20 orcs
  12 bats
  4 giant cockroaches
  17 goblins
  8 hobgoblins
  11 jackals
  6 quokkas
  2 ball pythons
  A ball python skeleton (D:5)
  4 frilled lizards
  A jackal zombie (D:6)
  12 kobolds
  A quokka skeleton (D:5)
  A quokka zombie (D:8)
  7 rats
346 creatures vanquished.

Vanquished Creatures (collateral kills)
  A wolf (Lair:1)
1 creature vanquished.

Vanquished Creatures (others)
  2 fungi (Lair:1)
  17 plants
  5 toadstools (D:1)
24 creatures vanquished.

Grand Total: 371 creatures vanquished

Table legend:
 A = Turns spent in this place as a percentage of turns spent in the entire game.
 B = Non-inter-level travel turns spent in this place as a percentage of non-inter-level travel turns spent in the entire game.
 C = Inter-level travel turns spent in this place as a percentage of turns spent in this place.
 D = Turns resting spent in this place as a percentage of non-inter-level travel turns spent in this place.
 E = Turns spent auto-exploring this place as a percentage of non-inter-level travel turns spent in this place.
 F = Non-inter-level travel turns spent in this place divided by the number of levels of this place that you've seen.
                   A       B       C       D       E      F
               +-------+-------+-------+-------+-------+----------------------
         Total | 100.0 | 100.0 |   2.8 |  31.7 |  50.3 | 965.2
       Dungeon |  89.0 |  89.3 |   2.5 |  32.0 |  50.4 | 1175.3
        Temple |   0.1 |   0.0 |  76.9 |   0.0 |   0.0 |   3.0
          Lair |  10.3 |  10.0 |   5.6 |  30.8 |  52.6 | 725.0
     Labyrinth |   0.7 |   0.7 |   0.0 |   0.0 |   0.0 |  97.0
               +-------+-------+-------+-------+-------+----------------------
